 Dungeon Crawl Stone Soup version 0.30.1-5-ged363bc7ee (webtiles) character file.

Game seed: 14635823398838142314

259 Arctor the Ruffian (level 5, -3/40 (44) HPs)
             Began as a Draconian Transmuter on Sept 19, 2023.
             Slain by a wight
             ... wielding a +5 trident
              (6 damage)
             ... in an ossuary.
             The game lasted 00:02:37 (2829 turns).

Arctor the Ruffian (Draconian Transmuter)           Turns: 2829, Time: 00:02:38

HP:   -3/40 (44)    AC:  2    Str: 12    XL:     5   Next: 95%
MP:   0/9           EV: 20    Int: 16    God:
Gold: 173           SH:  0    Dex: 16    Spells: 6/10 levels left

rFire   . . .        g - melded +3 dagger
rCold   . . .        (shield currently unavailable)
rNeg    . . .        (body armour unavailable)
rPois   x            (helmet currently unavailable)
rElec   .            (cloak currently unavailable)
rCorr   .            (gloves currently unavailable)
SInv    .            (boots currently unavailable)
Will    .....        o - amulet of guardian spirit
Stlth   +            (no ring)
HPRegen 0.26/turn    (no ring)
MPRegen 0.11/turn

%: guardian spirit
@: spider-form (expiring), drained
A: venomous fangs, AC +5, tiny, unfitting armour, (cold-blooded)
a: End Transformation


You were in an ossuary.
You were a venomous arachnid creature.
You visited 1 branch of the dungeon, and saw 4 of its levels.
You also visited: Ossuary.

You collected 173 gold pieces.

Inventory:

Hand Weapons
 g - a +3 dagger (melded)
Missiles
 c - 2 silver boomerangs
 e - 6 datura-tipped darts
Armour
 d - a scarf of harm
 h - a +1 pair of boots
Jewellery
 o - an amulet of guardian spirit (around neck)
Wands
 l - a wand of light (9)
 t - a wand of roots (6)
Scrolls
 b - a scroll of fear {unknown}
 j - a scroll of noise {unknown}
 k - 2 scrolls of amnesia {unknown}
 m - a scroll of teleportation {unknown}
 n - a scroll of butterflies {unknown}
 r - a scroll of identify {unknown}
 u - 2 scrolls of enchant weapon {unknown}
Potions
 a - 3 potions of lignification
 f - 2 potions of attraction {unknown}
 i - a potion of curing {unknown}
 p - 2 potions of flight {unknown}
 q - a potion of magic {unknown}
 s - a potion of haste {unknown}


   Skills:
 + Level 2.9 Fighting
 + Level 2.9 Dodging
 + Level 4.0 Unarmed Combat
 + Level 3.1 Spellcasting
 + Level 3.2 Transmutations


You had 6 spell levels left.
You knew the following spells:

 Your Spells              Type           Power      Damage    Failure   Level
a - Beastly Appendage     Tmut           24%        N/A       14%         1
b - Spider Form           Tmut/Pois      7%         N/A       50%         3

Your spell library contained the following spells:

 Spells                   Type           Power      Damage    Failure   Level
 Wereblood                Tmut           12%        N/A       21%         2
 Ice Form                 Ice/Tmut       7%         N/A       85%         4


Dungeon Overview and Level Annotations

Branches:
Dungeon (4/15)            Ossuary (1/1)
 Temple: D:4-7

Altars:

Shops:
D:2 (


Innate Abilities, Weirdness & Mutations

You are a venomous arachnid creature.
You have venomous fangs.
You are tiny and dextrous.
Your spellcasting is less reliable in this form.
Your armour is entirely melded.
You are incapable of wielding weapons or throwing items.
((Your plain brown scales are hard. (AC +5)))
You cannot fit into any form of body armour.
((You are cold-blooded and may be slowed by cold attacks.))


Message History

You grow a pair of large bovine horns.
Your feet morph into talons.
The wight hits you with a +5 trident!
You are too injured to fight recklessly!
You are too injured to fight recklessly!
Casting: Beastly Appendage (safe; 4% risk of failure)
Confirm with . or Enter, or press ? or * to list all spells.
The spell is quite dangerous to miscast (28% risk of failure)!
Continue anyway?
Your horns disappear.
Your talons disappear.
You turn into a venomous arachnid creature.
Your +3 dagger melds into your body.
The wight closely misses you.
You hit the wight but do no damage.
The wight is lightly damaged.
The wight misses you.
You hit the wight but do no damage.
The wight is lightly damaged.
The wight completely misses you.
You hit the wight but do no damage.
The wight is lightly damaged.
You hit the wight.
The wight is moderately damaged.
Your transformation is almost over.
The wight completely misses you.
You hit the wight.
The wight is moderately damaged.
The wight closely misses you.
You barely miss the wight.
The wight is moderately damaged.
The wight misses you.
You hit the wight but do no damage.
The wight is moderately damaged.
The wight completely misses you.
You hit the wight.
The wight is severely damaged.
The wight hits you with a +5 trident!
You hit the wight.
The wight is severely damaged.
The wight hits you with a +5 trident!
* * * LOW HITPOINT WARNING * * *
You feel drained.
You die...

#### ##... ##....
###########....#
#.#.#.#.##......
##+#'#'#'#'#......#
+..........'.......
##s#'#'#'#'#.......
#z#.#.#.#.##......
#############.....
##...# #...##
###..# ##.# ##.##
#.##


You could see a wight.

Vanquished Creatures
  An ogre (D:4)
  A scorpion (D:4)
  4 adders
  2 adder zombies (Ossuary)
  A dart slug (D:2)
  2 orcs
  5 endoplasms (D:2)
  3 giant cockroaches
  7 goblins
  7 hobgoblins
  8 jackals (D:1)
  A quokka (D:2)
  7 ball pythons
  3 bats
  4 frilled lizards
  9 kobolds
  A kobold zombie (Ossuary)
  An orc skeleton (Ossuary)
  An orc zombie (Ossuary)
  6 rats
74 creatures vanquished.

Notes
Turn   | Place    | Note
-------+----------+-------------------------------------------
     0 | D:1      | Arctor the Draconian Transmuter began the quest for the
                  | Orb.
     0 | D:1      | Reached XP level 1. HP: 16/16 MP: 3/3
   197 | D:1      | Reached XP level 2. HP: 23/23 MP: 3/5
   640 | D:1      | Reached XP level 3. HP: 8/29 MP: 6/6
  1197 | D:2      | Found Peax's Antique Weapon Boutique.
  1277 | D:2      | Reached XP level 4. HP: 36/36 MP: 5/7
  2317 | D:4      | Noticed a scorpion
  2326 | D:4      | Killed a scorpion
  2327 | D:4      | Reached XP level 5. HP: 21/42 MP: 6/9
  2331 | D:4      | Learned a level 3 spell: Spider Form
  2582 | D:4      | Noticed an ogre
  2589 | D:4      | Killed an ogre
  2667 | D:4      | Found a sand-covered staircase.
  2674 | D:4      | Reached skill level 4 in Unarmed Combat
  2703 | Ossuary  | Entered an ossuary
  2829 | Ossuary  | Slain by a wight

Illustrated notes

Levels and vault maps discovered:
D:1:      erik_arrival_blinker_ship, layout_basic
D:2:      layout_loops_cross, serial_shops, shop
D:3:      layout_rooms, chequers_serial_rivers_large_a,
          nicolae_concentric_dashed_squares_mild
D:4:      layout_basic, nicolae_ossuary_entry_monument
Ossuary:  ossuary_due_cavern

Skill      XL: |  1  2  3  4  5 |
---------------+----------------+-----
Dodging        | 2 |  2.9
Fighting       | 2 |  2.9
Transmutations | 3 |  3.2
Spellcasting   | 3 |  3.1
Unarmed Combat | 4 |  4.0

Action                     |  1- 3 |  4- 6 || total
---------------------------+-------+-------++-------
  Melee: Unarmed           |    91 |     9 ||   100
         Kick              |    12 |    21 ||    33
         Tailslap          |     9 |    12 ||    21
         Headbutt          |     5 |     8 ||    13
         Punch             |     3 |     2 ||     5
         Dagger            |    36 |    85 ||   121
   Cast: Beastly Appendage |    30 |    30 ||    60
         Spider Form       |       |     1 ||     1
 Armour: Skin              |    45 |    23 ||    68
  Dodge: Dodged            |   116 |    52 ||   168
